 Dungeon Crawl Stone Soup version 0.27.0-1-g7a089689b8 (webtiles) character file.

Game seed: 16482042152862733136

98 hawla the Sneak (level 4, -2/27 HPs)
             Began as a Deep Elf Delver on Aug 8, 2021.
             Splashed by a jelly's acid (7 damage)
             ... on level 5 of the Dungeon.
             The game lasted 00:01:24 (477 turns).

hawla the Sneak (Deep Elf Delver)                    Turns: 477, Time: 00:01:24

Health: -2/27      AC:  3    Str:  9    XL:     4   Next: 44%
Magic:  6/6        EV: 12    Int: 16    God:
Gold:   0          SH:  0    Dex: 16    Spells: 3/3 levels left

rFire    . . .     SeeInvis .   a - +0 short sword
rCold    . . .     Faith    .   (no shield)
rNeg     . . .     Spirit   .   b - +0 leather armour
rPois    .         Reflect  .   (no helmet)
rElec    .         Harm     .   (no cloak)
rCorr    .         Rampage  .   (no gloves)
Will     .....                  (no boots)
Stlth    ++++......             (no amulet)
HPRegen  0.09/turn              (no ring)
MPRegen  0.10/turn              (no ring)

@: no status effects
A: no striking features
a: no special abilities


You were on level 5 of the Dungeon.
You visited 1 branch of the dungeon, and saw 2 of its levels.

Inventory:

Hand Weapons
 a - a +0 short sword (weapon)
Armour
 b - a +0 leather armour (worn)
Wands
 g - a wand of digging (3)
 i - a wand of iceblast (13)
Scrolls
 c - a scroll of fog
 d - a scroll of magic mapping
 e - a scroll of fear
 h - a scroll of enchant weapon {unknown}
 j - a scroll of amnesia {unknown}
Potions
 f - a potion of haste


   Skills:
 + Level 2.7 Fighting
 + Level 2.2 Short Blades
 + Level 2.7 Dodging
 + Level 7.8 Stealth


You had 3 spell levels left.
You didn't know any spells.
Your spell library was empty.

Dungeon Overview and Level Annotations

Branches:
Dungeon (5/15)
 Temple: D:4-7

Altars:

Shops:
D:5 [


Message History

The bullfrog skeleton hits you.
* * * LOW HITPOINT WARNING * * *
You hit the bullfrog skeleton.
You destroy the bullfrog skeleton!
Your Stealth skill increases to level 7!
You have reached level 3!
Your experience leads to an increase in your attributes!
Increase (S)trength, (I)ntelligence, or (D)exterity?
You feel clever.
You start resting.
HP restored.
There is an entrance to Effozior's Antique Armour Emporium here.
You can access your shopping list by pressing '$'.
A jelly comes into view.
The jelly quivers.
Unknown command.
A scorpion comes into view.
There are monsters nearby!
The helpless scorpion fails to defend itself.
You impale the scorpion!!
You kill the scorpion!
You have reached level 4!
You feel clever.
A jelly is nearby!
You hit the jelly.
Your hands burn!
The jelly is moderately wounded.
The jelly misses you.
You hit the jelly.
Your hands burn!
The jelly is heavily wounded.
The jelly hits you.
You are splashed with acid!
You hit the jelly.
Your hands burn!
* * * LOW HITPOINT WARNING * * *
The jelly is almost dead.
The jelly completely misses you.
You completely miss the jelly.
The jelly is almost dead.
The jelly hits you.
* * * LOW HITPOINT WARNING * * *
You are splashed with acid!
You die...

..# #.##.# #.#####
.## #.##.###.....#
.####.#...##.###.#
........#.∩..# #.#
.## #.#...#### #.#
.# #.##...#####.#
.# #......J.....#
.# #..###.#####J#
#.. #.#####@###
... ..........#
.... .........#.#
... ##..#.###.#.#
#..#. ....#
#........### ##.##
#. #.


You could see a jelly.

Vanquished Creatures
  A scorpion (D:5)
  A bullfrog skeleton (D:5)
  A hound skeleton (D:4)
  An endoplasm (D:4)
4 creatures vanquished.

Notes
Turn   | Place    | Note
-------+----------+-------------------------------------------
     0 | D:5      | hawla the Deep Elf Delver began the quest for the Orb.
     0 | D:5      | Reached XP level 1. HP: 13/13 MP: 3/3
    46 | D:4      | Reached XP level 2. HP: 10/18 MP: 4/4
   178 | D:4      | You fall into a shaft and drop 1 floor!
   231 | D:5      | Found Effozior's Antique Armour Emporium.
   246 | D:5      | Reached skill level 7 in Stealth
   246 | D:5      | Reached XP level 3. HP: 7/22 MP: 5/5
   467 | D:5      | Noticed a scorpion
   470 | D:5      | Killed a scorpion
   471 | D:5      | Reached XP level 4. HP: 27/27 MP: 6/6
   477 | D:5      | Splashed by a jelly's acid

Illustrated notes

Levels and vault maps discovered:
D:4:      layout_basic, beargit_hepliaklqana_dungeon_heroes,
          minmay_temple_entry_ruins, serial_bayou, serial_bayou_lagoon_a,
          serial_bayou_lagoon_b, serial_bayou_pond_b, serial_bayou_pond_b,
          guppyfry_shop_venom
D:5:      kennysheep_steamy, layout_loops_ring, serial_shops, shop, shop,
          nicolae_shop_trees, shop, roderic_batcave

Skill      XL: |  1  2 |
---------------+-------+-----
Stealth        | 7 |  7.8
Fighting       | |  2.7
Short Blades   | |  2.2
Dodging        | |  2.7

Action                   |  1- 3 |  4- 6 || total
-------------------------+-------+-------++-------
Melee: Short sword       |    23 |     4 ||    27
 Stab: Sleeping          |     2 |       ||     2
Armor: Leather armour    |     4 |       ||     4
Dodge: Dodged            |    13 |     2 ||    15
